 Dungeon Sprint DCSS version 0.30.1-11-g7821555f0a (webtiles) character file.

Game seed: 1189991857511961615

1087 Groucho the Geomancer (level 8, -1/47 (49) HPs)
             Began as a Deep Elf Earth Elementalist on Dec 30, 2023.
             Was a High Priest of Sif Muna.
             Slain by Psyche
             ... wielding a +2 dagger of chaos
              (3 damage)
             ... in the Dungeon (Sprint VII: "The Pits").
             The game lasted 00:04:41 (2109 turns).

Groucho the Geomancer (Deep Elf Earth Elementalist) Turns: 2109, Time: 00:04:41

HP:   -1/47 (49)    AC:  2    Str:  5    XL:     8   Next: 9%
MP:   1/23          EV: 14    Int: 23    God:    Sif Muna [*****.]
Gold: 0             SH:  0    Dex: 15    Spells: 18/26 levels left

rFire   . . .        d - +1 dagger (venom)
rCold   . . .        (no shield)
rNeg    . . .        a - +0 robe
rPois   .            (no helmet)
rElec   .            (no cloak)
rCorr   .            (no gloves)
SInv    .            (no boots)
Will    .....        (no amulet)
Stlth   +++          (no ring)
HPRegen 0.27/turn    (no ring)
MPRegen 0.18/turn

%: no teleportation
@: slowed, lightly drained, very slow
A: no striking features
a: Renounce Religion, Channel Magic, Forget Spell, Divine Exegesis


You were in the Dungeon.
You worshipped Sif Muna.
Sif Muna was extremely pleased with you.
You visited 1 branch

Inventory:

Hand Weapons
 d - a +1 dagger of venom (weapon)
 h - a +2 dagger
Armour
 a - a +0 robe (worn)
Wands
 m - a wand of polymorph (12)
Scrolls
 g - a scroll of blinking
 j - 5 scrolls of amnesia
 k - a scroll of butterflies
Potions
 b - 5 potions of magic
 c - 4 potions of curing
 e - a potion of haste
 f - 3 potions of berserk rage
 i - 2 potions of invisibility
 l - 2 potions of heal wounds


   Skills:
 - Level 5.0 Fighting
 + Level 4.6 Short Blades
 + Level 3.8 Armour
 - Level 5.0 Dodging
 + Level 6.7 Stealth
 + Level 9.6 Spellcasting
 + Level 6.5 Conjurations
 + Level 5.5 Transmutations
 + Level 10.6 Earth Magic


You had 18 spell levels left.
You knew the following spells:

 Your Spells              Type           Power      Damage    Failure   Level
a - Sandblast             Erth           100%       2d20      1%          1
b - Stone Arrow           Conj/Erth      100%       3d13      1%          3
c - Petrify               Tmut/Erth      48%        N/A       1%          4

Your spell library contained the following spells:

 Spells                   Type           Power      Damage    Failure   Level
 Passwall                 Tmut/Erth      40%        N/A       1%          2
 Lee's Rapid Deconstruct  Erth           28%        3d15*     1%          5
 Animate Armour           Summ/Erth      70%        N/A       7%          4
 Borgnjor's Vile Clutch   Necr/Erth      17%        N/A       19%         5
 Lehudib's Crystal Spear  Conj/Erth      25%        10d7      100%        8
 Shatter                  Erth           28%        3d23*     100%        9


Dungeon Overview and Level Annotations

Branches:
Dungeon (1/1)

Altars:
Ashenzari
Cheibriados
Dithmenos
Elyvilon
Fedhas
Gozag
Hepliaklqana
Kikubaaqudgha
Makhleb
Nemelex Xobeh
Okawaru
Qazlal
Ru
Sif Muna
Trog
Uskayaw
Vehumet
Wu Jian
Xom
Yredelemnul
Zin
The Shining One
Jiyva
Lugonu

Annotations:
D Psyche


Message History

Unknown command.
Unknown command.
You feel much better.
Psyche hits you with a +2 dagger of chaos.
Psyche draws strength from your wounds!
Casting: Stone Arrow (safe; 1% risk of failure)
Confirm with . or Enter, or press ? or * to list all spells.
Aiming: Sandblast (safe; 1% risk of failure)
Press: ? - help, Shift-Dir - straight line, f/p - Psyche
Aim: Psyche, wielding a +2 dagger of chaos and wearing a +0 robe (almost dead, 82% to hit)
The blast of sand hits Psyche.
Psyche is almost dead.
Psyche gestures wildly while chanting.
A swirling arc of seething chaos appears!
The arc of chaos hits you!
You feel yourself slow down.
Psyche hits you with a +2 dagger of chaos.
You are poisoned.
Unknown command.
Unknown command.
Unknown command.
You barely miss Psyche.
Psyche is almost dead.
You feel sick.
Psyche hits you with a +2 dagger of chaos.
Psyche freezes you.
You barely miss Psyche.
Psyche is almost dead.
You feel sick.
Psyche points at you and mumbles some strange words.
You resist with some effort.
Psyche hits you with a +2 dagger of chaos!
Psyche burns you.
You feel better.
Psyche hits you with a +2 dagger of chaos!
Psyche burns you.
* * * LOW HITPOINT WARNING * * *
Psyche hits you with a +2 dagger of chaos!
* * * LOW HITPOINT WARNING * * *
You feel drained.
You die...

#.#..[)))..##.......#
#)###########.......#
#.......#..##########
#.......#)# ####
#...#...#†#....#
#..###..#'#....#
#...#...#.'....+
#.......#'#
#......@@.#
###########


You could see Psyche.

Vanquished Creatures
  A tarantella (D)
  2 vampire mosquitoes (D)
  2 floating eyes (D)
  A sky beast (D)
  A centaur (D)
  A quasit (D)
  2 crimson imps (D)
  2 orc priests (D)
  A hound (D)
  An iguana (D)
  Ijyb (D)
  An adder (D)
  2 river rats (D)
  3 orcs (D)
  A bat (D)
  An endoplasm (D)
  A hobgoblin (D)
  A quokka (D)
  2 ball pythons (D)
  A giant cockroach zombie (D)
  A rat (D)
29 creatures vanquished.

Notes
Turn   | Place    | Note
-------+----------+-------------------------------------------
     0 | D        | Groucho the Deep Elf Earth Elementalist began the quest for
                  | the Orb.
     0 | D        | Reached XP level 1. HP: 10/10 MP: 6/6
    39 | D        | Found a glowing golden altar of the Shining One.
    39 | D        | Found a glowing silver altar of Zin.
    39 | D        | Found a basalt altar of Yredelemnul.
    39 | D        | Found a shimmering altar of Xom.
    39 | D        | Found an ornate altar of the Wu Jian Council.
    39 | D        | Found a bloodstained altar of Trog.
    39 | D        | Found a shimmering blue altar of Sif Muna.
    39 | D        | Found a sacrificial altar of Ru.
    39 | D        | Found a stormy altar of Qazlal.
    39 | D        | Found an iron altar of Okawaru.
    39 | D        | Found a sparkling altar of Nemelex Xobeh.
    39 | D        | Found a burning altar of Makhleb.
    39 | D        | Found a viscous altar of Jiyva.
    39 | D        | Found a hazy altar of Hepliaklqana.
    39 | D        | Found an opulent altar of Gozag.
    39 | D        | Found a blossoming altar of Fedhas.
    39 | D        | Found a white marble altar of Elyvilon.
    39 | D        | Found a shadowy altar of Dithmenos.
    39 | D        | Found a snail-covered altar of Cheibriados.
    40 | D        | Found a radiant altar of Vehumet.
    40 | D        | Found a corrupted altar of Lugonu.
    41 | D        | Found an ancient bone altar of Kikubaaqudgha.
    41 | D        | Found a hide-covered altar of Uskayaw.
    41 | D        | Found a broken altar of Ashenzari.
    42 | D        | Became a worshipper of Sif Muna the Loreminder
    54 | D        | Noticed a floating eye
    58 | D        | Paralysed by a floating eye for 3 turns
    61 | D        | Killed a floating eye
    61 | D        | Reached * piety under Sif Muna
    62 | D        | Reached skill level 9 in Earth Magic
    62 | D        | Reached XP level 2. HP: 15/15 MP: 4/12
    62 | D        | Reached XP level 3. HP: 19/19 MP: 4/13
    62 | D        | Reached XP level 4. HP: 24/24 MP: 4/15
   385 | D        | Learned a level 3 spell: Stone Arrow
   390 | D        | Learned a level 4 spell: Petrify
   392 | D        | Reached ** piety under Sif Muna
   393 | D        | Reached skill level 1 in Fighting
   393 | D        | Reached skill level 1 in Conjurations
   393 | D        | Reached XP level 5. HP: 29/29 MP: 13/16
   400 | D        | Reached skill level 1 in Short Blades
   400 | D        | Reached skill level 1 in Armour
   401 | D        | Reached *** piety under Sif Muna
   731 | D        | Noticed a sky beast
   737 | D        | Killed a sky beast
   738 | D        | Reached XP level 6. HP: 36/36 MP: 10/18
   958 | D        | Noticed a floating eye
   962 | D        | Killed a floating eye
   962 | D        | Reached **** piety under Sif Muna
  1030 | D        | Reached skill level 5 in Stealth
  1030 | D        | Reached skill level 5 in Conjurations
  1470 | D        | Reached ***** piety under Sif Muna
  1490 | D        | Reached XP level 7. HP: 43/43 MP: 17/21
  1491 | D        | Noticed a tarantella
  1496 | D        | Killed a tarantella
  1497 | D        | Reached skill level 5 in Dodging
  1497 | D        | Reached skill level 10 in Earth Magic
  1904 | D        | Noticed Ijyb
  1905 | D        | Received a gift from Sif Muna
  1908 | D        | Killed Ijyb
  1909 | D        | Got Noosuic's Omnibus of the Geologist {god gift}
  2086 | D        | Noticed Psyche
  2087 | D        | Noticed a vampire mosquito
  2088 | D        | Reached skill level 5 in Transmutations
  2088 | D        | Noticed a vampire mosquito
  2098 | D        | Killed a vampire mosquito
  2099 | D        | Reached skill level 5 in Fighting
  2102 | D        | Killed a vampire mosquito
  2103 | D        | Reached XP level 8. HP: 33/49 MP: 6/23
  2109 | D        | HP: 2/49 [Psyche/+2 dagger of chaos (9)]
  2109 | D        | Slain by Psyche

Illustrated notes

Levels and vault maps discovered:
D:        pitsprint [storerooms_1, entrance_room_1, metal_vault_8, armoury_3,
          mini_pit_1, grid_room_1, main_hall_1, silver_pit, the_coven_1,
          the_vestibule_1, steel_vault_1, golden_pit, hallway_of_sentries,
          crystal_vault_1, iron_vault_2, final_vault]

Skill      XL: |  1  2  3  4  5  6  7 |
---------------+----------------------+-----
Spellcasting   | 7 8 9 |  9.6
Earth Magic    | 9 10 | 10.6
Fighting       | 1 2 4 5 |  5.0
Conjurations   | 1 3 5 6 |  6.5
Short Blades   | 2 3 4 |  4.6
Armour         | 1 2 3 |  3.8
Dodging        | 3 4 5 |  5.0
Stealth        | 4 5 6 |  6.7
Transmutations | 3 4 5 |  5.5

Action                     |  1- 3 |  4- 6 |  7- 9 || total
---------------------------+-------+-------+-------++-------
  Melee: Dagger            |       |       |     8 ||     8
         Punch             |       |       |     1 ||     1
   Cast: Sandblast         |     5 |    12 |     1 ||    18
         Stone Arrow       |       |    10 |    14 ||    24
         Petrify           |       |       |     2 ||     2
    Use: Potion            |       |     1 |     5 ||     6
   Stab: Petrified         |       |       |     4 ||     4
 Armour: Robe              |       |     6 |     1 ||     7
  Dodge: Dodged            |       |     5 |    12 ||    17
